[Event "*** Titled Tuesday 3|2 Blitz"]
[Site "Chess.com"]
[Date "2017.03.07"]
[Round "7"]
[White "Alexander_Moskalenko"]
[Black "SwiftyMcBishop"]
[Result "0-1"]
[WhiteElo "2693"]
[BlackElo "2228"]
[TimeControl "180+2"]
[EndTime "14:39:16 PST"]
[Termination "SwiftyMcBishop won on time"]

1. d4 d5 2. c4 dxc4 3. e4 e5 4. Nf3 exd4 5. Bxc4 c5 6. Ne5 Be6 7. Bxe6 fxe6 8. Qh5+ g6 9. Nxg6 Nf6 10. Qh3 hxg6 11.
Qxh8 Nxe4 12. Nd2 Nxd2 13. Bxd2 Nd7 14. h4 Qf6 15. Qxf6 Nxf6 16. b3 Kf7 17. f3 b5 18. a4 c4 19. axb5 c3 20. Bg5 Nd5 21. Ra4 d3 22. Rd4 d2+ 23. Ke2 a5 24. bxa6 Rxa6 25.
Ra4 Rb6 26. Ra7+ Kg8 27. Bxd2 cxd2 28. Kxd2 Rxb3 29. h5 gxh5 30. Rxh5 Bc5 31. Ra8+ Kg7 32. Rhh8 Bb4+ 33. Kc2 Rc3+ 34. Kb2 Re3 35. Rhb8 Kg6 36.
Rg8+ Kf5 37. Ra7 Ke5 38. Ra4 Re2+ 39. Kb3 Bc5 40. Re4+ Rxe4 41. fxe4 Kxe4 42. Kc4 Nf6 43. Rg6 Be7 44. g4 e5 45. Rg7 Nd5 46. g5 Ne3+ 47. Kc3 Nf5 48. Rg8 Kf3 49. g6 e4 50. Re8 e3 0-1

[Event "*** Titled Tuesday 3|2 Blitz"]
[Site "Chess.com"]
[Date "2017.03.07"]
[Round "7"]
[White "Outsmiter"]
[Black "Robin-Side"]
[Result "1-0"]
[WhiteElo "2105"]
[BlackElo "2439"]
[TimeControl "180+2"]
[EndTime "14:39:22 PST"]
[Termination "Outsmiter won by resignation"]

1. e4 g6 2. d4 Bg7 3. Be2 e6 4.
h4 d5 5. e5 f6 6. exf6 Nxf6 7.
h5 Nc6 8. hxg6 hxg6 9. Rxh8+ Bxh8 10. Nf3 Qe7 11. Nc3 Bd7 12. Bg5 O-O-O 13. Qd2 Bg7 14.
O-O-O Qf7 15. Ne5 Qe8 16. Qf4 Qf8 17. Nxg6 Qf7 18. Ne5 Qf8 19. Qh4 Re8 20. Rh1 Ne7 21. f3 Nf5 22. Qf2 Qd6 23. g4 Ne7 24. Nf7 Qb6 25. Be3 Rf8 26. Ne5 Nc6 27. g5 Ne8 28. Nxd7 Kxd7 29. Na4 Qa5 30. Nc5+ Kc8 31. Kb1 e5 32.
Ne6 Rg8 33. Nxg7 Nxg7 34. dxe5 Nxe5 35. Bd4 Nc6 36. Bf6 Kb8 37. Qe1 Qc5 38. Qc3 Qf8 39. Bb5 Nd8 40. Be5 Nde6 41. Bd7 Qe7 42. Bxe6 Nxe6 43. f4 a6 44. Re1 Qd7 45. Qh3 Qc6 46. Qh7 Rc8 47. Qf7 Nc5 48. g6 Ne4 49. g7 Qe8 50.
Qxe8 Rxe8 51. Rg1 Kc8 52. g8=Q Rxg8 53. Rxg8+ Kd7 54. Rg7+ Ke6 55. Rxc7 b5 56. Ra7 Kf5 57. Rxa6 Kg4 58. Rb6 Kf3 59. Rxb5 Ke3 60. Rxd5 1-0

[Event "*** Titled Tuesday 3|2 Blitz"]
[Site "Chess.com"]
[Date "2017.03.07"]
[Round "7"]
[White "rithwik2002"]
[Black "Schoenbrunn"]
[Result "0-1"]
[WhiteElo "1790"]
[BlackElo "1871"]
[TimeControl "180+2"]
[EndTime "14:39:28 PST"]
[Termination "Schoenbrunn won on time"]

1. e4 e6 2. Nf3 d5 3. e5 c5 4. b4 cxb4 5. a3 Nc6 6. d4 bxa3 7. c3 f6 8. Bd3 f5 9. Nxa3 Bd7 10.
O-O Nge7 11. Nb5 Ng6 12. Re1 Be7 13. Nd6+ Bxd6 14. exd6 O-O 15. Rb1 Na5 16. Ng5 Qe8 17. Qe2 Rf6 18. Nf3 h6 19. h4 b6 20. h5 Nh8 21. Bf4 Qxh5 22. Ne5 Qe8 23. Nxd7 Qxd7 24. Bb5 Qf7 25. d7 Rd8 26. Be5 Rg6 27. Ra1 Rxd7 28. Bxd7 Qxd7 29. g3 Nf7 30. Bf4 Nd6 31. Bxd6 Qxd6 32. Qe5 Qxe5 33. Rxe5 Rf6 34. f4 g5 35. Kf2 Kf7 36. fxg5 hxg5 37. Rh1 Nc4 38. Ree1 Nd2 39. Rh7+ Kg6 40. Rxa7 f4 41. Re7 Ne4+ 42. Kg1 f3 43. Rb1 Nxg3 44. Rb2 Ne2+ 45. Kf2 g4 46. Rxb6 g3+ 47. Ke1 Nf4 48. Kf1 g2+ 49. Kf2 Nh3+ 50. Kg3 g1=Q+ 51. Kxh3 Kf5 52. Rexe6 Rxe6 53. Rb8 Qg4+ 54.
Kh2 Re2+ 0-1

[Event "*** Titled Tuesday 3|2 Blitz"]
[Site "Chess.com"]
[Date "2017.03.07"]
[Round "7"]
[White "wnstop"]
[Black "afgano29"]
[Result "1-0"]
[WhiteElo "2462"]
[BlackElo "2409"]
[TimeControl "180+2"]
[EndTime "14:39:51 PST"]
[Termination "wnstop won by resignation"]

1. e4 c5 2. Nf3 d6 3. d4 cxd4 4.
Nxd4 Nf6 5. Nc3 Nc6 6. Bg5 e6 7.
Qd2 a6 8. O-O-O h6 9. Nxc6 bxc6 10. Bf4 d5 11. Qe3 Bb4 12. e5 Nh7 13. h4 Qa5 14. a3 Bxc3 15. Qxc3 Qxc3 16. bxc3 Nf8 17. h5 a5 18. c4 Ba6 19. Rh3 g5 20. Bd2 Nd7 21.
f4 gxf4 22. Bxf4 Ke7 23. g4 f6 24. exf6+ Kxf6 25. Bc7 Rhg8 26. Be2 Ke7 27. Bf4 Rh8 28. Re3 Raf8 29. Bg3 Bb7 30. Bh4+ Kd6 31. cxd5 cxd5 32.
Bb5 Rhg8 33. Rde1 Nc5 34. Bg3+ Ke7 35. Be2 Ne4 36. Bh4+ Kd6 37. Rd1 Kc7 38. Be7 Rf7 39. Bh4 Bc6 40. Rg1 Kb6 41. Bd3 Nc5 42. g5 hxg5 43.
Rxg5 Rxg5 44. Bxg5 Nxd3+ 45. cxd3 Rf5 46. Rg3 Rf7 47. h6 Rh7 48. Re3 Bd7 49. d4 Kc6 50. Re2 Kd6 51. Bf4+ Ke7 52. Rh2 Be8 53. Be5 Bg6 54.
Bg7 Bf5 55. Rb2 Kf7 56. Rb5 Ke7 57. Rxa5 Kd7 58. Rb5 Kc6 59. Rb4 Bd3 60. Kd2 Bc4 61. Ke3 Kd6 62. Kf4 1-0

[Event "*** Titled Tuesday 3|2 Blitz"]
[Site "Chess.com"]
[Date "2017.03.07"]
[Round "7"]
[White "B-man"]
[Black "MatBobula"]
[Result "1-0"]
[WhiteElo "2485"]
[BlackElo "2275"]
[TimeControl "180+2"]
[EndTime "14:40:01 PST"]
[Termination "B-man won by resignation"]

1. e4 e6 2. d3 c5 3. Be2 Nc6 4.
f4 d5 5. Nd2 g6 6. Ngf3 Bg7 7.
O-O Nge7 8. c3 b6 9. Qe1 Bb7 10.
Kh1 Qc7 11. Nb3 c4 12. exd5 cxd3 13. Bxd3 Nxd5 14. f5 gxf5 15. Bxf5 O-O-O 16. Be4 Ne5 17. a4 Nxf3 18. Bxf3 Qc4 19. Nd2 Qc7 20. a5 b5 21.
a6 Bc6 22. Nb3 Qe5 23. Qf2 Rd7 24. Nd4 Qc7 25. Nxc6 Qxc6 26. Be3 Kb8 27. Bd4 Bxd4 28. Qxd4 Rhd8 29. Qe5+ Ka8 30. b3 Qc7 31. Qe2 Qxc3 32.
Qxb5 Qc7 33. Rfd1 Qb6 34. Qc4 Rc7 35. Qf4 Rcd7 36. Qe5 Qb8 37. Qe2 Qxb3 38. Rab1 Qa4 39. h3 Qa5 40. Qc2 Qc7 41. Qa4 Qd6 42. Rbc1 Rc7 43.
Rb1 Rcd7 44. Qb3 Qb6 45. Qc4 Qc7 46. Qb5 Rb8 47. Qa4 Rxb1 48. Rxb1 Rd8 49. Qb5 Qb6 50. Bxd5+ exd5 51. Qd3 Qd6 52. Qxh7 Qg6 53. Qxg6 fxg6 54. Kg1 Rd6 55. Ra1 d4 56. Kf1 d3 57. Ke1 Kb8 58. Kd2 Kc7 59. g4 Kb6 60. Ra3 g5 61. Rxd3 Rxd3+ 62. Kxd3 Kxa6 63. h4 gxh4 64. Ke4 Kb5 65. g5 h3 66. Kf3 h2 67. Kg2 h1=Q+ 68. Kxh1 a5 69. g6 a4 70. g7 a3 71. g8=Q Kb4 72. Qa2 Ka4 73. Kg2 1-0

[Event "*** Titled Tuesday 3|2 Blitz"]
[Site "Chess.com"]
[Date "2017.03.07"]
[Round "7"]
[White "Hunninn"]
[Black "GianmarcoVaR"]
[Result "0-1"]
[WhiteElo "2429"]
[BlackElo "2449"]
[TimeControl "180+2"]
[EndTime "14:40:12 PST"]
[Termination "GianmarcoVaR won by resignation"]

1. d4 Nf6 2. Bf4 c5 3. e3 e6 4. c3 Nc6 5. Nd2 d5 6. Ngf3 Bd6 7. Bg3 O-O 8. Bb5 Ne7 9. Bd3 Ng6 10. Ne5 Qc7 11. f4 b6 12. h4 Ne7 13. Bf2 Bb7 14. g4 Ne4 15. Bxe4 dxe4 16. g5 Nf5 17. Qe2 f6 18. gxf6 gxf6 19. Ng4 Kh8 20. Rg1 cxd4 21.
exd4 Bxf4 22. Nxe4 Bh2 23. Rf1 Bd5 24. Ngxf6 Bc4 25.
Qh5 Bxf1 26. Kxf1 Rf7 27. d5 Raf8 28. dxe6 Rxf6 29. Nxf6 Rxf6 30. Qe8+ Kg7 31. Kg2 Bg3 32. Qd7+ Qxd7 33. exd7 Bc7 34. Rd1 Rf8 35. a4 Kf7 36. a5 Ke6 37. axb6 axb6 38. c4 Rg8+ 39. Kf3 Rd8 40. b4 Rxd7 41. Rxd7 Kxd7 42. Kg4 Ke6 43.
b5 Kf6 44. c5 bxc5 45. Bxc5 Bd6 46. Bxd6 Nxd6 47. b6 Kg6 48. h5+ Kf6 49. Kf4 h6 50. Kg4 Ke5 51. Kf3 Nb7 52. Kg4 Ke4 53. Kg3 Kf5 54.
Kf3 Nc5 55. Ke3 Ke5 56. Kf3 Nb7 57. Ke3 Nc5 58. Kf3 Nb7 59. Ke3 Nd6 60. Kf3 Kf5 61.
Kg3 Kg5 62. Kf3 Kxh5 63. Kf4 Kg6 64. Kg4 h5+ 65. Kf4 Kf6 66. Kg3 Kg5 67. Kh3 Kf5 68.
Kh4 Kg6 69. Kg3 Kg5 70. Kh3 h4 71. Kg2 Kg4 72. Kh2 h3 73. Kg1 Kg3 74. Kh1 Ne4 75. b7 Nf2+ 0-1

[Event "*** Titled Tuesday 3|2 Blitz"]
[Site "Chess.com"]
[Date "2017.03.07"]
[Round "7"]
[White "Danhy"]
[Black "pedromartinez91"]
[Result "1-0"]
[WhiteElo "2351"]
[BlackElo "2332"]
[TimeControl "180+2"]
[EndTime "14:40:29 PST"]
[Termination "Danhy won on time"]

1. d4 d5 2. Nf3 Nf6 3. c4 e6 4. Nc3 Be7 5. Bg5 O-O 6. e3 a6 7. cxd5 exd5 8. Bd3 c6 9. O-O Bg4 10. Qc2 Nbd7 11. Ne5 h6 12. Bxf6 Nxf6 13. Nxg4 Nxg4 14. Bh7+ Kh8 15. Bf5 Nf6 16. Qe2 Bd6 17.
Rad1 Qe7 18. Bc2 Rae8 19. Qf3 Bb8 20. Rfe1 Qd6 21. g3 Qe6 22. e4 dxe4 23. Nxe4 Nxe4 24. Rxe4 Qd7 25. Rde1 Rxe4 26. Qxe4 g6 27. h4 h5 28. Bb3 Bd6 29. d5 c5 30. Kg2 b5 31. Qf3 Kg7 32.
Bc2 Re8 33. Rxe8 Qxe8 34. a4 Qe5 35. axb5 axb5 36. b3 Qd4 37. Qd3 Qxd3 38. Bxd3 b4 39. Kf3 Kf6 40. Bb5 Ke5 41. Be8 Kf6 42. Ke4 Ke7 43. Bc6 f6 44. Kf3 g5 45. hxg5 fxg5 46. Bb5 Kf6 47. Be8 g4+ 48. Ke2 Kg5 49. Bb5 h4 50. gxh4+ Kxh4 51. Ke3 Kg5 52. Ke4 Bf4 53. Be2 Bd6 54. Bd1 Bf4 55. Kd3 Kf5 56. Kc4 Bd6 57. Kb5 Ke5 58. Kc6 Be7 59. Bxg4 Bd6 60.
Be2 Bf8 61. Bc4 Be7 62. Kd7 Bf8 63. Kc6 Be7 64. Be2 Bf8 65. Bc4 Be7 66. Kd7 Bf8 67. Ke8 Bd6 68. Kf7 Bb8 69. Ke7 Bd6+ 70. Kd7 Bf8 71.
d6 Bxd6 72. f4+ 1-0

[Event "*** Titled Tuesday 3|2 Blitz"]
[Site "Chess.com"]
[Date "2017.03.07"]
[Round "7"]
[White "AlexZambrano"]
[Black "Makalexa"]
[Result "1-0"]
[WhiteElo "2295"]
[BlackElo "2122"]
[TimeControl "180+2"]
[EndTime "14:40:30 PST"]
[Termination "AlexZambrano won by resignation"]

1. e4 e5 2. Nf3 Nc6 3. Bb5 a6 4.
Bxc6 dxc6 5. Nc3 f6 6. d4 exd4 7. Nxd4 c5 8. Nde2 Qxd1+ 9. Nxd1 Bd7 10. Bf4 O-O-O 11. Ne3 Bc6 12. f3 Ne7 13. Rd1 Ng6 14. Rxd8+ Kxd8 15. Bg3 h5 16. h3 h4 17. Bh2 b6 18. Kf2 Kc8 19. Rd1 Ne5 20. Bxe5 fxe5 21. Nc4 Rh5 22. Nc3 b5 23. Ne3 c4 24. Ncd5 Bc5 25.
Ke2 Rg5 26. Ng4 Bd6 27. c3 Kb7 28. Nde3 a5 29. Nf5 Rg6 30. Nxh4 Re6 31. Nf5 g6 32. Nxd6+ cxd6 33. a3 Kc7 34. Rh1 Be8 35. Ne3 Kc6 36. a4 Kc5 37. axb5 Bxb5 38. Ra1 a4 39. h4 Re8 40. g4 Rb8 41. Nd5 Bc6 42. Nb4 Be8 43.
Rd1 Ra8 44. Rd5+ Kb6 45. Rxd6+ Kc7 46. Re6 Bd7 47. Nd5+ Kd8 48. Rxg6 Rb8 49. Rg8+ Be8 50. Nf6 Rxb2+ 51. Ke3 a3 52. Rxe8+ Kc7 53. Ra8 a2 54.
Nd5+ Kd6 55. h5 Rh2 56. Nb4 Kc5 57. Ra5+ Kd6 58. Rxa2 Rh1 59. Nd5 Re1+ 60. Kf2 Rc1 61. Kg2 Kc5 62. h6 Rb1 63. Ra8 Rb7 64. Rc8+ Kd6 65.
Rc7 Rb2+ 66. Kg3 Rc2 67. g5 Rxc3 68. Nxc3 Kxc7 69. h7 Kd6 70. h8=Q Kc5 71. Qxe5+ Kb4 72. Qb5+ Kxc3 73. Qxc4+ Kxc4 74. g6 Kd3 75. g7 Ke2 76.
e5 Kf1 77. f4 Kg1 78. f5 Kh1 79. f6 1-0

[Event "*** Titled Tuesday 3|2 Blitz"]
[Site "Chess.com"]
[Date "2017.03.07"]
[Round "7"]
[White "Noukii"]
[Black "manubibi"]
[Result "1/2-1/2"]
[WhiteElo "2644"]
[BlackElo "2405"]
[TimeControl "180+2"]
[EndTime "14:40:50 PST"]
[Termination "Game drawn by agreement"]

1. d4 Nf6 2. c4 g6 3. Nc3 Bg7 4.
Nf3 O-O 5. e4 d6 6. Be2 e5 7.
O-O Na6 8. Re1 Bg4 9. d5 Nc5 10. Qc2 a5 11. Be3 Ne8 12. Nd2 Bd7 13. b3 f5 14. f3 Bf6 15. Bf2 Bh4 16. g3 Bg5 17. Rab1 Nf6 18. a3 Bxd2 19. Qxd2 fxe4 20. Bxc5 exf3 21.
Bxf3 dxc5 22. Rxe5 Ne8 23. Bg2 Nd6 24. Qe3 b6 25. a4 Qf6 26. Re1 Rae8 27. h3 Rxe5 28.
Qxe5 Qf2+ 29. Kh2 Re8 30. Re2 Rxe5 31. Rxf2 Re3 32. Rf3 Re1 33. g4 Kg7 34. Kg3 Rb1 35. Ne2 Ne4+ 36. Kh2 Nd2 37. Re3 Kf8 38. Rd3 Nxb3 39.
d6 cxd6 40. Rxd6 Bxa4 41. Nc3 Ra1 42. Rxb6 Nd2 43. Bd5 Bb3 44. Rc6 Bxc4 45. Bxc4 Nxc4 46. Rxc5 Ne5 47. Rc7 Ra3 48. Ne4 Nf7 49. Nf6 h6 50. h4 Ne5 51. Rc5 Nf3+ 52. Kg3 Nd4+ 53. Kf2 Ke7 54.
Ne4 Rf3+ 55. Kg2 Rf4 56. Re5+ Kd7 57. g5 Nc6 58. Rd5+ Kc7 59. Nc5 Rxh4 60. Ne6+ Kb6 61. gxh6 Rxh6 62. Kg3 Rh1 63. Nf4 Rg1+ 64. Kf2 Rg4 65.
Kf3 Rg1 66. Kf2 Rc1 67. Nxg6 Rc2+ 68. Ke3 Rc3+ 69. Kd2 Rc5 1/2-1/2

[Event "*** Titled Tuesday 3|2 Blitz"]
[Site "Chess.com"]
[Date "2017.03.07"]
[Round "7"]
[White "Gordima"]
[Black "iturrizaga"]
[Result "1-0"]
[WhiteElo "2496"]
[BlackElo "2625"]
[TimeControl "180+2"]
[EndTime "14:41:33 PST"]
[Termination "Gordima won on time"]

1. Nf3 c5 2. g3 g6 3. Bg2 Bg7 4. O-O Nf6 5. b3 O-O 6. Bb2 b6 7.
c4 Bb7 8. d4 e6 9. Nc3 Qe7 10. d5 exd5 11. cxd5 d6 12. Nd2 Nbd7 13. Qc2 Ne5 14. h3 Nh5 15. a4 f5 16. e3 a6 17. Nc4 Qc7 18. Kh2 Rae8 19. Rae1 Bc8 20. Nd2 c4 21. bxc4 Nxc4 22. Nd1 b5 23. Bxg7 Nxg7 24. Nb2 Bd7 25. Nbxc4 bxc4 26. Qxc4 Qa5 27. Nb3 Qxa4 28. Qxa4 Bxa4 29. Nd4 Bb5 30. Nxb5 axb5 31. Rb1 Rb8 32. Rfc1 Rf7 33. Rb4 Ne8 34. Rc6 Rc7 35. g4 fxg4 36. hxg4 Kf7 37. g5 Rxc6 38. dxc6 Nc7 39. Kg3 d5 40. Rh4 Rh8 41. Rd4 Ke6 42.
e4 Ke5 43. Rb4 dxe4 44. Rxe4+ Kd6 45. Rd4+ Kc5 46. Rd7 Kb6 47. f4 b4 48. Be4 h6 49.
Bxg6 hxg5 50. f5 Rh4 51. f6 Rf4 52. f7 Kxc6 53. Rd8 Ne6 54. Rb8 Kd6 55. Rb6+ Ke7 56.
Rb8 Kd6 57. Rb6+ Ke5 58. Rb8 Rf6 59. Bh5 Kd6 60. Re8 b3 61. Bg4 Nc5 62. f8=Q+ Rxf8 63. Rxf8 Ke5 64. Rb8 Kd4 65. Bf5 Kc3 66. Kf3 b2 67.
Ke2 Nb3 68. Kd1 Nd4 69. Be4 Nb3 70. Rc8+ Kd4 71. Bb1 Nc5 72. Kc2 g4 73. Rg8 1-0

[Event "*** Titled Tuesday 3|2 Blitz"]
[Site "Chess.com"]
[Date "2017.03.07"]
[Round "7"]
[White "pKiLz5Rn9b"]
[Black "ZapataCharlesS"]
[Result "0-1"]
[WhiteElo "2553"]
[BlackElo "2662"]
[TimeControl "180+2"]
[EndTime "14:41:36 PST"]
[Termination "ZapataCharlesS won by checkmate"]

1. e4 e5 2. Nf3 Nc6 3. Bc4 Bc5 4.
c3 Nf6 5. d3 O-O 6. O-O a5 7.
Re1 d6 8. h3 Ne7 9. Nbd2 Ng6 10. Nf1 Ba7 11. Ng3 c6 12. Bb3 b5 13. d4 a4 14. Bc2 Re8 15. Be3 Bb6 16. Qd2 exd4 17.
Nxd4 Ne5 18. b3 Bxh3 19. f4 Nfg4 20. gxh3 Bxd4 21. hxg4 Nf3+ 22. Kg2 Nxd2 23. cxd4 axb3 24. axb3 Rxa1 25. Rxa1 Nxe4 26. Bxe4 d5 27. Rc1 dxe4 28. Rxc6 Qd5 29. Rc3 b4 30. Rc4 g6 31. Rxb4 Rc8 32. f5 Qd6 33. Rc4 Ra8 34. Rc2 Qd5 35. Rc3 Qd6 36. Rc2 Kg7 37. g5 Qd5 38. f6+ Kf8 39.
Rb2 Ra3 40. Kf2 Rxb3 41. Rxb3 Qxb3 42. Nxe4 Qc2+ 43. Kf3 Qd1+ 44. Kf2 Qc2+ 45. Kf3 Qa2 46. Bf4 Qd5 47. Ke3 Qb3+ 48. Ke2 Ke8 49. Be5 Qa2+ 50. Kd3 Kd7 51. Ke3 Ke6 52. Ng3 Kd5 53. Kf3 Qb3+ 54. Kf4 Qd3 55. Kg4 Qd1+ 56. Kf4 Qd3 57. Kg4 Qd2 58.
Kh4 h6 59. gxh6 Qxh6+ 60. Kg4 Qd2 61. Kf3 Qd3+ 62. Kg4 Ke6 63. Kg5 Qf3 64. Kh4 Qe3 65. Kg4 Qh6 66. Kf3 Qh4 67. Kg2 Qg4 68. Kf2 Kd5 69. Ke3 g5 70. Ne2 Qh3+ 71. Kf2 Ke6 72. Ng3 Qg4 73. Ke3 Qd1 74. Ne2 g4 75. Ng3 Qf3+ 76.
Kd2 Kd5 77. Ne2 Kc4 78. Ke1 Kd3 79. Nc1+ Ke3 80. Nb3 Qe2# 0-1

[Event "*** Titled Tuesday 3|2 Blitz"]
[Site "Chess.com"]
[Date "2017.03.07"]
[Round "7"]
[White "PaulfromSPb"]
[Black "RoelandPruijssers"]
[Result "1/2-1/2"]
[WhiteElo "2539"]
[BlackElo "2506"]
[TimeControl "180+2"]
[EndTime "14:42:55 PST"]
[Termination "Game drawn by agreement"]

1. e4 e5 2. Nf3 Nc6 3. Bc4 Bc5 4. c3 Nf6 5. d3 O-O 6. Nbd2 a6 7. O-O d6 8. h3 h6 9. Bb3 Ba7 10. Re1 Re8 11. Nf1 Be6 12. Ng3 d5 13. exd5 Nxd5 14. Nxe5 Nxe5 15. Rxe5 Bxf2+ 16. Kxf2 Qf6+ 17. Rf5 Bxf5 18. Bxd5 Be4+ 19. Kg1 Bxd5 20. Bd2 Re7 21. Qg4 Qg6 22. Nf5 Re6 23. Qxg6 fxg6 24. Nd4 Rf6 25.
b4 Re8 26. a4 g5 27. Re1 Rxe1+ 28. Bxe1 b6 29. c4 Bf7 30. Bg3 Bg6 31. Bxc7 Bxd3 32.
c5 bxc5 33. bxc5 Be4 34. Be5 Rf8 35. c6 Kf7 36. c7 Ke7 37. Bxg7 Rc8 38. Be5 h5 39. g3 Rf8 40. h4 gxh4 41. gxh4 Bd5 42. a5 Kd7 43. Nc2 Re8 44. Bf4 Re4 45. Bg3 Bb3 46.
Ne1 Bd1 47. Nd3 Kc8 48. Nc5 Rc4 49. Nxa6 Ra4 50. Nb8 Bg4 51. Nc6 Kb7 52. Nd8+ Ka6 53. Nc6 Kb7 54. Ne5 Ra1+ 55. Kf2 Ra2+ 56. Ke3 Ra3+ 57. Kf4 Bc8 58. Be1 Ra4+ 59. Kg5 Kxc7 60. Kxh5 Re4 61. Bg3 Ra4 62. Kg5 Be6 63. Ng6+ Kd7 64.
Be1 Rg4+ 65. Kf6 Re4 66. Bc3 Ke8 67. h5 Bc4 68. h6 Re6+ 69. Kg7 Bd3 70. Ne5 Re7+ 71.
Kf6 Bc2 72. a6 Rh7 73. Bd2 Ra7 74. Nc4 Rxa6+ 75. Ke5 Rc6 76. Nd6+ Ke7 77. Bg5+ Kf8 78. Ke6 Bh7 79. Kd7 Ra6 80. Be7+ Kg8 81. Ke6 Bg6 82. Kf6 Kh7 83. Bf8 Rc6 84. Ke5 Rc5+ 85. Ke6 Rc6 86. Bg7 Rc1 87. Kd5 Rd1+ 88. Ke5 Re1+ 89. Kf6 Rf1+ 90.
Ke6 Re1+ 91. Kd5 Rd1+ 92. Ke5 Re1+ 93. Kf4 Rf1+ 94. Kg5 Rg1+ 95. Kf6 Rd1 96. Nc8 Rf1+ 97.
Ke5 Re1+ 98. Kd6 Rd1+ 99. Ke7 Re1+ 100. Kd8 Re8+ 101. Kd7 Re1 102. Ne7 Bf7 103. Kd6 Re6+ 104. Kd7 Re1 105. Kd6 Rd1+ 106. Ke5 Re1+ 107. Kf6 Rf1+ 108. Kg5 Be6 109. Nc6 Rf5+ 110. Kh4 Rd5 111. Ne5 Rxe5 112. Bxe5 Kxh6 1/2-1/2

[Event "*** Titled Tuesday 3|2 Blitz"]
[Site "Chess.com"]
[Date "2017.03.07"]
[Round "8"]
[White "Andrejkin"]
[Black "popov_m"]
[Result "0-1"]
[WhiteElo "2272"]
[BlackElo "2426"]
[TimeControl "180+2"]
[EndTime "14:45:12 PST"]
[Termination "popov_m won by resignation"]

1. Nf3 Nf6 2. d4 g6 3. c4 Bg7 4. Nc3 d6 5. e4 O-O 6. h3 e5 7. d5 a5 8. Be3 Na6 9. Bd3 Nd7 10. g4 Ndc5 11. Bc2 f5 12. gxf5 gxf5 13. Qe2 Nb4 0-1

[Event "*** Titled Tuesday 3|2 Blitz"]
[Site "Chess.com"]
[Date "2017.03.07"]
[Round "8"]
[White "Schemato"]
[Black "Vegan4future"]
[Result "0-1"]
[WhiteElo "2250"]
[BlackElo "2248"]
[TimeControl "180+2"]
[EndTime "14:46:28 PST"]
[Termination "Vegan4future won by checkmate"]

1. c4 e5 2. g3 Nc6 3. Nc3 Bc5 4.
Bg2 d6 5. e3 Bf5 6. d3 Qd7 7.
h3 Nge7 8. Nge2 O-O 9. g4 Bg6 10. a3 a5 11. b3 Rab8 12. e4 f5 13. gxf5 Nxf5 14. exf5 Qxf5 15. Bxc6 Bxf2+ 16. Kd2 Qxd3# 0-1

[Event "*** Titled Tuesday 3|2 Blitz"]
[Site "Chess.com"]
[Date "2017.03.07"]
[Round "8"]
[White "Journey_to_GrandMaster_YT"]
[Black "Jahonas"]
[Result "1-0"]
[WhiteElo "2360"]
[BlackElo "2153"]
[TimeControl "180+2"]
[EndTime "14:47:00 PST"]
[Termination "Journey_to_GrandMaster_YT won by resignation"]

1. Nf3 d5 2. c4 d4 3. g3 Nc6 4.
Bg2 e5 5. d3 Bb4+ 6. Nbd2 Nge7 7. O-O O-O 8. a3 Bxd2 9. Bxd2 a5 10. b4 axb4 11. axb4 Rxa1 12. Qxa1 f6 13. Qa8 b6 14. b5 e4 15. bxc6 exf3 16. Bxf3 Qd6 17. Bf4 Qc5 18. Ra1 1-0

[Event "*** Titled Tuesday 3|2 Blitz"]
[Site "Chess.com"]
[Date "2017.03.07"]
[Round "8"]
[White "AdrianaNikolova"]
[Black "Alex_Molchanov"]
[Result "0-1"]
[WhiteElo "2321"]
[BlackElo "2460"]
[TimeControl "180+2"]
[EndTime "14:47:39 PST"]
[Termination "Alex_Molchanov won by checkmate"]

1. e4 c6 2. d4 d5 3. Nd2 dxe4 4. Nxe4 Bf5 5. Ng3 Bg6 6. h4 h6 7. Nf3 Nd7 8. Bd3 Bxd3 9. Qxd3 e6 10. Bd2 Ngf6 11. O-O-O Be7 12. Ne4 Qb6 13. Nxf6+ Bxf6 14. g4 O-O-O 15. g5 Be7 16. g6 f5 17. Rhe1 Bf6 18.
Rxe6 Nc5 19. dxc5 Qxb2# 0-1

[Event "*** Titled Tuesday 3|2 Blitz"]
[Site "Chess.com"]
[Date "2017.03.07"]
[Round "8"]
[White "rpragchess"]
[Black "ER404"]
[Result "0-1"]
[WhiteElo "2026"]
[BlackElo "2246"]
[TimeControl "180+2"]
[EndTime "14:48:04 PST"]
[Termination "ER404 won by resignation"]

1. e4 c6 2. d4 d5 3. Nd2 dxe4 4.
Nxe4 Nd7 5. Nf3 Ngf6 6. Neg5 e6 7. Bc4 Nb6 8. Bb3 h6 9. Nh3 g5 10. Ne5 Bd6 11. O-O a5 12. a4 Bxe5 13. dxe5 Qxd1 14.
Rxd1 Nfd7 15. f4 Nd5 16. fxg5 hxg5 17. Nxg5 Nxe5 18. Ne4 f5 19. Nd6+ Ke7 20. Nxc8+ Raxc8 21. c4 Nb4 22. c5 Rhg8 23. Re1 Nf3+ 24. Kf2 Nxe1 25. Kxe1 Rxg2 26. Bf4 Nd3+ 27. Kf1 Rf2+ 0-1

[Event "*** Titled Tuesday 3|2 Blitz"]
[Site "Chess.com"]
[Date "2017.03.07"]
[Round "8"]
[White "gkchesstiger"]
[Black "Elshan1985"]
[Result "0-1"]
[WhiteElo "2629"]
[BlackElo "2506"]
[TimeControl "180+2"]
[EndTime "14:48:20 PST"]
[Termination "Elshan1985 won by resignation"]

1. d4 e6 2. Nf3 c5 3. e4 cxd4 4.
Nxd4 Nc6 5. Nc3 Qc7 6. Be2 Nf6 7. O-O a6 8. Be3 Bb4 9. Na4 Be7 10. c4 Nxe4 11. c5 O-O 12. Rc1 Nf6 13. Bf3 g6 14. Re1 e5 15. Bg5 Nxd4 16. Qxd4 exd4 17. Rxe7 Ne8 18.
Nb6 Rb8 19. g3 Ng7 20. Nd5 Qa5 21. Bf4 d6 22. cxd6 Be6 23. Nf6+ Kh8 24. d7 Rbd8 25.
g4 Qb4 26. Rxe6 fxe6 27. Be5 d3 28. Kg2 d2 29. Rd1 Qc5 30. Bc3 Qxc3 31. bxc3 Rxf6 0-1

[Event "*** Titled Tuesday 3|2 Blitz"]
[Site "Chess.com"]
[Date "2017.03.07"]
[Round "8"]
[White "Jadro9"]
[Black "ChristopherYoo"]
[Result "0-1"]
[WhiteElo "2368"]
[BlackElo "2160"]
[TimeControl "180+2"]
[EndTime "14:48:28 PST"]
[Termination "ChristopherYoo won on time"]

1. e4 c5 2. Nf3 d6 3. Bb5+ Nd7 4.
c3 a6 5. Ba4 b5 6. Bc2 Ngf6 7.
d4 Bb7 8. Qe2 Qc7 9. O-O O-O-O 10. a4 Qb6 11. axb5 axb5 12. Na3 c4 13. b3 b4 0-1

[Event "*** Titled Tuesday 3|2 Blitz"]
[Site "Chess.com"]
[Date "2017.03.07"]
[Round "8"]
[White "pedromartinez91"]
[Black "JeremDev"]
[Result "1-0"]
[WhiteElo "2338"]
[BlackElo "2221"]
[TimeControl "180+2"]
[EndTime "14:48:28 PST"]
[Termination "pedromartinez91 won by resignation"]

1. d4 Nf6 2. Nf3 c5 3. e3 b6 4. Be2 Bb7 5. O-O d6 6. b3 Nbd7 7. dxc5 Nxc5 8. Bb2 g6 9. Nbd2 Bg7 10. c4 O-O 11.
Rc1 Nfe4 12. Bxg7 Kxg7 13. b4 Nxd2 14. Qxd2 Ne4 15. Qb2+ Nf6 16. Rfd1 Qc8 17. Nd4 a5 18. a3 axb4 19. axb4 Kg8 20. Bf3 Ne4 21. Qc2 Ng5 22.
Bxb7 Qxb7 23. h4 Ne6 24. Nxe6 fxe6 25. Rd4 Rf5 26. Qe4 Qd7 27. Qxa8+ 1-0

[Event "*** Titled Tuesday 3|2 Blitz"]
[Site "Chess.com"]
[Date "2017.03.07"]
[Round "8"]
[White "HaryKane"]
[Black "Alexander_Moskalenko"]
[Result "0-1"]
[WhiteElo "2297"]
[BlackElo "2695"]
[TimeControl "180+2"]
[EndTime "14:48:48 PST"]
[Termination "Alexander_Moskalenko won by resignation"]

1. e4 e5 2. Nf3 Nc6 3. d4 exd4 4.
Bc4 Bc5 5. Ng5 Nh6 6. Nxf7 Nxf7 7. Bxf7+ Kxf7 8. Qh5+ g6 9. Qxc5 d6 10. Qb5 a6 11.
Qe2 Re8 12. O-O Kg8 13. f4 d5 14. e5 Bf5 15. g4 Be4 16. Nd2 Bxc2 17. Nf3 Be4 18. Ng5 d3 19. Qf2 h6 20. Nf3 Kh7 21.
Be3 Rf8 22. Nd4 Nxe5 23. Ne6 Nxg4 24. Qg3 Nxe3 25. Nxf8+ Qxf8 26. Qxe3 c5 27. Rac1 b6 28. b4 Rc8 29. bxc5 bxc5 30. Rb1 Rc7 31. Rb6 c4 32. f5 gxf5 33. Rf4 Qg7+ 34. Kf2 Qg2+ 35. Ke1 d2+ 36. Qxd2 Qg1+ 37. Ke2 Qxb6 0-1

[Event "*** Titled Tuesday 3|2 Blitz"]
[Site "Chess.com"]
[Date "2017.03.07"]
[Round "8"]
[White "escher"]
[Black "FlameOak4464"]
[Result "1-0"]
[WhiteElo "2050"]
[BlackElo "1777"]
[TimeControl "180+2"]
[EndTime "14:48:54 PST"]
[Termination "escher won by resignation"]

1. e4 e5 2. Nf3 Nc6 3. d4 exd4 4.
Nxd4 Bc5 5. Nxc6 Qf6 6. Qf3 dxc6 7. Nd2 Be6 8. Bc4 Qxf3 9. gxf3 Bxc4 10. Nxc4 Ne7 11.
Be3 Bb4+ 12. c3 Bd6 13. e5 b5 14. exd6 Nd5 15. Ne5 cxd6 16. Nxc6 O-O 17. O-O-O Rfc8 18. Rxd5 Rxc6 19. Rxb5 a6 20. Rd5 a5 21. Rhd1 a4 22. Rxd6 Rcc8 23. Bb6 1-0

[Event "*** Titled Tuesday 3|2 Blitz"]
[Site "Chess.com"]
[Date "2017.03.07"]
[Round "8"]
[White "Buffy7"]
[Black "Dlugy"]
[Result "0-1"]
[WhiteElo "2497"]
[BlackElo "2660"]
[TimeControl "180+2"]
[EndTime "14:49:12 PST"]
[Termination "Dlugy won by resignation"]

1. c4 Nf6 2. g3 g6 3. Bg2 Bg7 4. Nc3 O-O 5. e3 c5 6. Nge2 Nc6 7. a3 a6 8. d4 cxd4 9. exd4 d6 10. O-O Bd7 11. b4 Rb8 12. c5 dxc5 13. dxc5 Bf5 14. Bf4 Rc8 15. Qxd8 Rfxd8 16. Rad1 h6 17.
Na4 Rxd1 18. Rxd1 Bc2 19. Nb6 Bxd1 20. Nxc8 Bxe2 21. Bxc6 bxc6 22. Nxe7+ Kf8 23. Nxc6 Nd5 24. Bd6+ Ke8 25. f4 Bb5 26. Ne5 Ne3 27. c6 Bxe5 28. Bxe5 Bxc6 29. h3 Nc4 0-1